[Event "Titled Tuesday Blitz August 24 2021"]
[White "Seliverstov, Vladimir"]
[Black "Sadhwani, Raunak"]
[WhiteFideId "4192036"]
[BlackFideId "35093487"]
[WhiteElo "2489"]
[BlackElo "2514"]
[Result "0-1"]
[Round "07"]
[TimeControl "180+1"]
[Date "2021.08.24"]
[WhiteClock "0:00:36"]
[BlackClock "0:00:47"]

1. d4 d6 2. Bf4 g6 3. e3 Bg7 4. Nf3 Nd7 5. h3 e5 6. Bh2 Ne7 7. Nc3 O-O 8. Bc4 Nc6 9. O-O h6 10. a4 Kh7 11. a5 a6 12. dxe5 Ndxe5 13. Nxe5 Nxe5 14. Bb3 Be6 15. Nd5 Nd7 16. c3 Nf6 17. Re1 Rb8 18. e4 Nxd5 19. Bxd5 Qg5 20. Qf3 Be5 21. Bxe5 Qxe5 22. Rad1 c6 23. Bxe6 fxe6 24. Qe3 Rbd8 25. Qb6 Rd7 26. Re3 Rf4 27. Red3 Rxe4 28. Qa7 Re1+ 29. Rxe1 Qxe1+ 30. Kh2 Qe5+ 31. g3 Qxa5 32. Rf3 Qd8 33. h4 e5 34. h5 gxh5 35. Qe3 Kg7 36. Rf5 Qe8 37. f4 Qg6 38. Qe4 Rf7 39. Rxf7+ Kxf7 40. Qb4 b5 41. fxe5 Qc2+ 42. Kg1 Qd1+ 43. Kf2 Qd2+ 44. Kf1 Qd3+ 45. Kf2 Qf5+ 46. Kg2 Qxe5 47. Qh4 Qd5+ 48. Kg1 Qd1+ 49. Kg2 Qd2+ 50. Kh3 Qg5 0-1


[Site "https://www.chess.com"]

[Event "Titled Tuesday Blitz August 24 2021"]
[White "Seo, Jung Min"]
[Black "Grunberg, Mihai-Lucian"]
[WhiteFideId "1734687"]
[BlackFideId "1204149"]
[WhiteElo "2486"]
[BlackElo "2364"]
[Result "1-0"]
[Round "07"]
[TimeControl "180+1"]
[Date "2021.08.24"]
[WhiteClock "0:01:21"]
[BlackClock "0:00:03"]

1. e4 d6 2. d4 Nf6 3. Nc3 g6 4. f4 a6 5. Nf3 Bg4 6. h3 Bxf3 7. Qxf3 Bg7 8. Be3 c6 9. g4 h5 10. g5 Nfd7 11. f5 b5 12. Bd3 b4 13. Ne2 Qa5 14. O-O O-O 15. c3 bxc3 16. bxc3 Ra7 17. Nf4 Qxc3 18. Rac1 Qb4 19. Rc4 Qa3 20. Qe2 d5 21. exd5 Nb6 22. Rcc1 Nxd5 23. Nxd5 cxd5 24. fxg6 fxg6 25. Bxg6 Qd6 26. Qxh5 Qg3+ 27. Kh1 Rxf1+ 28. Rxf1 1-0


[Site "https://www.chess.com"]

[Event "Titled Tuesday Blitz August 24 2021"]
[White "Sevian, Samuel"]
[Black "Yeletsky, Ivan"]
[WhiteFideId "2040506"]
[BlackFideId "24180327"]
[WhiteElo "2987"]
[BlackElo "2344"]
[Result "1-0"]
[Round "07"]
[TimeControl "180+1"]
[Date "2021.08.24"]
[WhiteClock "0:02:22"]
[BlackClock "0:00:53"]

1. d4 Nf6 2. c4 c6 3. Bf4 d5 4. e3 Qb6 5. Qb3 Nh5 6. Bg5 Qa5+ 7. Qc3 Qd8 8. Be2 Nf6 9. Bf4 Ne4 10. Qb3 a5 11. Nf3 a4 12. Qc2 Bf5 13. Nh4 Bg6 14. Nxg6 hxg6 15. h3 e6 16. Nc3 Bb4 17. O-O Bxc3 18. bxc3 Nd7 19. Rab1 b6 20. cxd5 cxd5 21. c4 Rc8 22. Rfc1 g5 23. Bh2 Qf6 24. f3 g4 25. fxe4 gxh3 26. g4 Qh6 27. Bf4 h2+ 28. Kh1 g5 29. Bd6 Nf6 30. Qxa4+ Kd8 31. Qa7 1-0


[Site "https://www.chess.com"]

[Event "Titled Tuesday Blitz August 24 2021"]
[White "Shahade, Gregory"]
[Black "Maevsky, Nikolay"]
[WhiteFideId "2009064"]
[BlackFideId "4198220"]
[WhiteElo "2691"]
[BlackElo "2213"]
[Result "0-1"]
[Round "07"]
[TimeControl "180+1"]
[Date "2021.08.24"]
[WhiteClock "0:00:08"]
[BlackClock "0:00:06"]

1. e4 c6 2. Nc3 d5 3. Nf3 Bg4 4. h3 Bxf3 5. Qxf3 Nf6 6. Be2 e6 7. O-O Bc5 8. Rd1 dxe4 9. Nxe4 Nxe4 10. Qxe4 Qd5 11. Qg4 O-O 12. d4 Be7 13. c4 Qa5 14. b4 Qxb4 15. Bh6 Bf6 16. Rab1 Qe7 17. d5 exd5 18. cxd5 cxd5 19. Rxd5 Nc6 20. Rd7 Qe6 21. Qxe6 fxe6 22. Be3 b6 23. Bf3 Ne5 24. Bxa8 Nxd7 25. Be4 Rc8 26. Rd1 Nf8 27. g3 Kf7 28. Kg2 h6 29. h4 Ke7 30. Bf4 Rd8 31. Rc1 g5 32. hxg5 Bxg5 33. Bxg5+ hxg5 34. Rc7+ Rd7 35. Rc8 Kf7 36. a4 Re7 37. Rc1 Nd7 38. Rh1 Nf6 39. Bc6 Rc7 40. Bb5 Rc2 41. Rd1 Ke7 42. Kg1 Rb2 43. Rc1 Nd5 44. Rc6 g4 45. Bc4 Kd7 46. Bb5 Ke7 47. Rc1 Rb4 48. Rc8 Kd6 49. Rd8+ Ke5 50. Ra8 a5 51. Rg8 Nc3 52. Rg5+ Kf6 53. Rg8 Nxb5 54. axb5 a4 55. Ra8 Ke5 56. Ra6 Kd5 57. Rxb6 Kc5 58. Rxe6 Kxb5 59. Re8 a3 60. Rb8+ Kc4 61. Ra8 Kb3 62. Kg2 a2 63. f3 gxf3+ 64. Kxf3 Ra4 65. Rb8+ Kc2 66. Rc8+ Kd2 67. Rd8+ Kc3 68. Rc8+ Kd4 69. Rd8+ Ke5 70. Re8+ Kf6 71. Re1 a1=Q 72. Rxa1 Rxa1 73. Kg4 Ra4+ 74. Kh5 Kg7 75. g4 Ra5+ 76. g5 Rb5 77. Kh4 Kg6 0-1


[Site "https://www.chess.com"]

[Event "Titled Tuesday Blitz August 24 2021"]
[White "Sharapov, Evgeny"]
[Black "Materia, Marco"]
[WhiteFideId "14103133"]
[BlackFideId "45150451"]
[WhiteElo "2367"]
[BlackElo "2678"]
[Result "1/2-1/2"]
[Round "07"]
[TimeControl "180+1"]
[Date "2021.08.24"]
[WhiteClock "0:00:37"]
[BlackClock "0:01:13"]

1. e4 c5 2. Nf3 e6 3. d4 cxd4 4. Nxd4 Nc6 5. Nb5 Nf6 6. N1c3 d6 7. Bf4 e5 8. Bg5 Be6 9. Bxf6 gxf6 10. Nd5 Rc8 11. Bd3 Bg7 12. Ne3 Nb4 13. O-O O-O 14. a3 Nc6 15. Bc4 Bxc4 16. Nxc4 Nd4 17. Nxd4 Rxc4 18. Nf5 Rxe4 19. Qxd6 Qxd6 20. Nxd6 Re2 21. Nxb7 Rb8 22. Nc5 Rxb2 23. c4 Rbc2 24. Rab1 Bf8 25. Nd7 Bxa3 26. Nxf6+ Kg7 27. Nh5+ Kf8 28. Ng3 Red2 29. Rb5 f6 30. Ra5 Bb4 31. Rxa7 Bc5 32. Rxh7 Rxf2 33. Rxf2 Bxf2+ 34. Kf1 Bxg3 35. hxg3 Rxc4 36. Kf2 Rc3 37. g4 Ke8 38. Rg7 Rd3 39. g5 f5 40. g6 f4 41. Ra7 Kf8 42. Rf7+ Kg8 43. Re7 Re3 44. g7 e4 45. Kf1 f3 46. gxf3 Rxf3+ 47. Ke2 Rf4 48. Ke3 Rg4 49. Rxe4 Rxe4+ 50. Kxe4 Kxg7 1/2-1/2


[Site "https://www.chess.com"]

[Event "Titled Tuesday Blitz August 24 2021"]
[White "Shimelkov, Vasiliy"]
[Black "Loy, Konstantin"]
[WhiteFideId "13701630"]
[BlackFideId "14122499"]
[WhiteElo "2073"]
[BlackElo "2084"]
[Result "1-0"]
[Round "07"]
[TimeControl "180+1"]
[Date "2021.08.24"]
[WhiteClock "0:00:33"]
[BlackClock "0:00:12"]

1. d4 Nf6 2. c4 c5 3. d5 b5 4. cxb5 a6 5. bxa6 Bxa6 6. Nc3 g6 7. g3 d6 8. Nf3 Bg7 9. Bg2 Nbd7 10. O-O Qa5 11. Rb1 Nb6 12. Re1 Nfd7 13. Qc2 O-O 14. Bg5 Rfe8 15. e4 Nc4 16. Rec1 h6 17. Bf4 g5 18. Bd2 Nxd2 19. Nxd2 Ne5 20. Bf1 Bxf1 21. Kxf1 c4 22. Kg2 Rec8 23. f4 gxf4 24. gxf4 Nd3 25. Rf1 Nxb2 26. e5 Nd3 27. Kh1 dxe5 28. fxe5 Nxe5 29. Rb5 Qa7 30. Nde4 Qe3 31. d6 exd6 32. Nxd6 Rc7 33. Qg2 Qg5 34. Qxa8+ Kh7 35. Qe4+ Kg8 36. Rb8+ Bf8 37. Rg1 1-0


[Site "https://www.chess.com"]

[Event "Titled Tuesday Blitz August 24 2021"]
[White "Sjugirov, Sanan"]
[Black "Andreikin, Dmitry"]
[WhiteFideId "4189302"]
[BlackFideId "4158814"]
[WhiteElo "2472"]
[BlackElo "2782"]
[Result "0-1"]
[Round "07"]
[TimeControl "180+1"]
[Date "2021.08.24"]
[WhiteClock "0:00:03"]
[BlackClock "0:01:16"]

1. e4 c5 2. Nf3 e6 3. d3 Nc6 4. g3 d5 5. Qe2 Nge7 6. Bg2 g6 7. h4 h6 8. O-O Bg7 9. Re1 b6 10. e5 Ba6 11. a4 Nf5 12. Nc3 Nfd4 13. Nxd4 cxd4 14. Nb5 Bxe5 15. Qg4 h5 16. Qf3 O-O 17. Bg5 Qd7 18. Bh3 Bg7 19. Bf6 Rfc8 20. Bxg7 Kxg7 21. Qf4 Qe7 22. Nxd4 Qf6 23. Qxf6+ Kxf6 24. Nb5 Nb4 25. c3 Nc2 0-1


[Site "https://www.chess.com"]

[Event "Titled Tuesday Blitz August 24 2021"]
[White "Skliarov, Viktor"]
[Black "Indjic, Aleksandar"]
[WhiteFideId "14106736"]
[BlackFideId "911925"]
[WhiteElo "2281"]
[BlackElo "2643"]
[Result "0-1"]
[Round "07"]
[TimeControl "180+1"]
[Date "2021.08.24"]
[WhiteClock "0:00:45"]
[BlackClock "0:02:13"]

1. e4 e5 2. Nc3 Nf6 3. Bc4 Bb4 4. Nge2 d6 5. d3 Be6 6. Bg5 Nbd7 7. O-O h6 8. Bxf6 Nxf6 9. Nd5 Bxd5 10. exd5 O-O 11. a4 Bc5 12. c3 a5 13. d4 Bb6 14. dxe5 dxe5 15. Ng3 e4 16. Nh5 g6 17. Nxf6+ Qxf6 18. Qg4 Rfe8 19. Rae1 h5 20. Qg3 Re5 21. h4 Rae8 22. Re2 Rf5 23. Rfe1 Rf4 24. Bd3 Kg7 0-1


[Site "https://www.chess.com"]

[Event "Titled Tuesday Blitz August 24 2021"]
[White "Srihari L R"]
[Black "Timofeev, Artyom"]
[WhiteFideId "46617116"]
[BlackFideId "4140419"]
[WhiteElo "2121"]
[BlackElo "2582"]
[Result "0-1"]
[Round "07"]
[TimeControl "180+1"]
[Date "2021.08.24"]
[WhiteClock "0:00:37"]
[BlackClock "0:01:27"]

1. d4 Nf6 2. c4 b6 3. Nf3 Bb7 4. g3 Bxf3 5. exf3 e6 6. Bg2 d5 7. O-O Be7 8. Nc3 c6 9. b3 O-O 10. f4 Na6 11. Qe2 Nc7 12. Re1 g6 13. Bb2 Nce8 14. Rac1 Nd6 15. Ba3 Nf5 16. Bxe7 Nxe7 17. cxd5 Nexd5 18. Nxd5 cxd5 19. Qe5 Ne8 20. Bh3 Qd6 21. Qxd6 Nxd6 22. Rc6 Rfd8 23. Bf1 Rac8 24. Rec1 Rxc6 25. Rxc6 Nf5 26. Rc7 a5 27. Rb7 Rd6 28. Bb5 Nxd4 29. Be8 f6 30. Kf1 e5 31. fxe5 fxe5 32. Ke1 Kf8 33. Ba4 h5 34. Kd2 Nf3+ 35. Ke3 Nxh2 36. f4 Ng4+ 37. Kd3 exf4 38. gxf4 Rf6 39. Bd7 Rxf4 40. Bxg4 Rxg4 41. Rxb6 h4 42. Rb8+ Kg7 43. Rb7+ Kf6 44. Ke3 d4+ 45. Kf3 Rg3+ 46. Kf4 g5+ 47. Ke4 d3 48. Rb6+ Kg7 49. Kf5 h3 50. Rb7+ Kf8 51. Kf6 Ke8 52. a4 h2 53. Rh7 d2 0-1


[Site "https://www.chess.com"]

[Event "Titled Tuesday Blitz August 24 2021"]
[White "Svane, Frederik"]
[Black "Le, Tuan Minh"]
[WhiteFideId "12923044"]
[BlackFideId "12401153"]
[WhiteElo "2459"]
[BlackElo "2450"]
[Result "0-1"]
[Round "07"]
[TimeControl "180+1"]
[Date "2021.08.24"]
[WhiteClock "0:00:02"]
[BlackClock "0:00:07"]

1. e4 c5 2. Nc3 Nc6 3. Nf3 e5 4. Bc4 d6 5. d3 Be7 6. Nd2 Nf6 7. Nf1 Bg4 8. f3 Be6 9. Ne3 O-O 10. Ncd5 a6 11. a3 Nd7 12. O-O Bg5 13. c3 Bxe3+ 14. Bxe3 Ne7 15. f4 Bxd5 16. exd5 b5 17. Ba2 exf4 18. Bxf4 Qb6 19. Kh1 Ng6 20. Bg3 Rfe8 21. Qf3 Nde5 22. Qf5 Re7 23. Rad1 Rae8 24. d4 cxd4 25. Rxd4 Nd7 26. Bb1 Ndf8 27. h4 Ne5 28. h5 h6 29. Bh4 a5 30. Qf2 Qd8 31. g4 f6 32. Bg3 Nf7 33. Bf5 Ng5 34. Qf4 Re5 35. a4 Qb6 36. axb5 Qxb5 37. c4 Qxb2 38. c5 dxc5 39. Rd2 Qb5 40. d6 Qc6+ 41. Rg2 Qxd6 42. Qc4+ Qd5 43. Qc2 Re2 44. Be4 Qxe4 45. Qxe2 Qxe2 46. Rxe2 Rxe2 0-1


[Site "https://www.chess.com"]

[Event "Titled Tuesday Blitz August 24 2021"]
[White "Taboas Rodriguez, Daniel"]
[Black "Silva, Miguel Antonio Neto"]
[WhiteFideId "2208466"]
[BlackFideId "1911929"]
[WhiteElo "2429"]
[BlackElo "2283"]
[Result "1/2-1/2"]
[Round "07"]
[TimeControl "180+1"]
[Date "2021.08.24"]
[WhiteClock "0:00:12"]
[BlackClock "0:00:12"]

1. d4 Nf6 2. Nf3 d5 3. c4 e6 4. Bg5 h6 5. Bxf6 Bb4+ 6. Nc3 Qxf6 7. e3 c5 8. Rc1 cxd4 9. Qxd4 Qxd4 10. Nxd4 Nc6 11. cxd5 Nxd4 12. exd4 exd5 13. a3 Bxc3+ 14. Rxc3 Kd7 15. Kd2 Kd6 16. Be2 Bf5 17. Rhc1 Rhc8 18. h4 Rxc3 19. Rxc3 Rc8 20. f4 Rxc3 21. Kxc3 Be4 22. g3 g6 23. Kd2 h5 24. Ke3 Ke6 25. g4 hxg4 26. Bxg4+ Bf5 27. Bf3 b6 28. Kf2 Kd6 29. Kg3 Be4 30. Be2 Kc6 31. Kg4 Kd7 32. Kg5 Ke7 33. Bg4 f6+ 34. Kh6 Kf8 35. Be6 a6 36. b4 a5 37. bxa5 bxa5 38. Bc8 Kf7 39. Bh3 Bd3 40. Bd7 Be4 41. Bc6 Bf3 42. Bb7 Be4 43. Bc8 Bd3 44. Bd7 Be4 45. Ba4 Bf3 46. Bc2 Be4 47. Bb3 Bf3 48. Ba4 Be4 49. Bd1 Bd3 50. h5 gxh5 51. Bxh5+ Ke6 52. Bg4+ Bf5 53. Kh5 Bxg4+ 54. Kxg4 a4 55. Kg3 Kf5 56. Kf3 Kg6 57. Kg4 f5+ 58. Kh4 Kh6 59. Kg3 Kh5 60. Kh3 Kg6 61. Kg3 Kh5 62. Kh3 Kg6 63. Kh4 Kh6 64. Kg3 Kh5 1/2-1/2


[Site "https://www.chess.com"]

[Event "Titled Tuesday Blitz August 24 2021"]
[White "Tang, Andrew"]
[Black "Weetik, Vjacheslav"]
[WhiteFideId "2059630"]
[BlackFideId "4153472"]
[WhiteElo "2588"]
[BlackElo "2469"]
[Result "1-0"]
[Round "07"]
[TimeControl "180+1"]
[Date "2021.08.24"]
[WhiteClock "0:00:11"]
[BlackClock "0:00:02"]

1. d4 d5 2. Bf4 Nf6 3. e3 g6 4. Nf3 Bg7 5. h3 O-O 6. Be2 c5 7. Nbd2 Nc6 8. c3 Nd7 9. O-O e5 10. dxe5 Ndxe5 11. a4 Bf5 12. Nxe5 Nxe5 13. Nf3 Nc4 14. Bxc4 dxc4 15. Bd6 Bd3 16. Bxf8 Kxf8 17. Re1 Qb6 18. Qc1 Re8 19. a5 Qc6 20. Nd2 h5 21. Qd1 Re6 22. Qa4 Qd5 23. e4 Qg5 24. Nxc4 Bxe4 25. Ne3 Bc6 26. Qc2 f5 27. f4 Qxf4 28. Qf2 Qg5 29. Rad1 h4 30. Nc4 Be4 31. Qxc5+ Kg8 32. Re2 Kh7 33. Qf2 Bf8 34. Nd2 Bd6 35. Nxe4 fxe4 36. Qf7+ Kh6 37. Qxe6 Bc5+ 38. Kh1 1-0


[Site "https://www.chess.com"]

[Event "Titled Tuesday Blitz August 24 2021"]
[White "Ter-Sahakyan, Samvel"]
[Black "Kislov, Oleg"]
[WhiteFideId "13302531"]
[BlackFideId "13503774"]
[WhiteElo "2551"]
[BlackElo "2252"]
[Result "1-0"]
[Round "07"]
[TimeControl "180+1"]
[Date "2021.08.24"]
[WhiteClock "0:00:46"]
[BlackClock "0:00:51"]

1. Nf3 d5 2. e3 Nf6 3. c4 e6 4. Nc3 c5 5. cxd5 exd5 6. d4 Nc6 7. Bb5 Be7 8. dxc5 Bxc5 9. O-O O-O 10. h3 d4 11. Bxc6 dxc3 12. Ba4 cxb2 13. Bxb2 Be6 14. Bb3 Qxd1 15. Rfxd1 Bxb3 16. axb3 Rfd8 17. Bxf6 gxf6 18. Kf1 Rxd1+ 19. Rxd1 a5 20. Ke2 b5 21. Rd5 Rc8 22. Nd2 a4 23. bxa4 bxa4 24. Ne4 Be7 25. Ra5 a3 26. Ra7 Kf8 27. g4 Rc2+ 28. Kd3 Rc1 29. Ra8+ Kg7 30. Ng3 Bf8 31. Nh5+ Kg8 32. Nxf6+ Kg7 33. Nh5+ Kg8 34. f4 Rh1 35. Ke4 Rxh3 36. Nf6+ Kg7 37. Nd7 Be7 38. g5 h6 39. gxh6+ Rxh6 40. Ne5 Rb6 41. Ra7 Bf8 42. Rxf7+ Kg8 43. Ra7 Rb3 44. Ng4 Bc5 45. Nf6+ 1-0


[Site "https://www.chess.com"]

[Event "Titled Tuesday Blitz August 24 2021"]
[White "Terry, Renato"]
[Black "Krivonosov, Oleg"]
[WhiteFideId "3803457"]
[BlackFideId "11600349"]
[WhiteElo "2581"]
[BlackElo "2469"]
[Result "1/2-1/2"]
[Round "07"]
[TimeControl "180+1"]
[Date "2021.08.24"]
[WhiteClock "0:01:58"]
[BlackClock "0:01:35"]

1. e4 e5 2. Nf3 Nc6 3. c3 Nf6 4. d4 Nxe4 5. d5 Nb8 6. Nxe5 Qe7 7. Qd4 d6 8. Bb5+ Nd7 9. Bxd7+ Bxd7 10. Nxd7 Nf6+ 11. Be3 Qxd7 12. O-O Be7 13. c4 O-O 14. Nc3 Ng4 15. Bf4 Bf6 16. Qd2 Ne5 17. b3 Ng6 18. Bg3 Rfe8 19. Rae1 Bxc3 20. Qxc3 Rxe1 21. Rxe1 Re8 22. f3 Rxe1+ 23. Qxe1 h5 24. h4 a6 25. Qb4 b6 26. Qa3 a5 27. Qc1 Qf5 28. Kh2 Ne5 29. Qe3 f6 1/2-1/2


[Site "https://www.chess.com"]

[Event "Titled Tuesday Blitz August 24 2021"]
[White "Tregubov, Pavel V."]
[Black "Koziol, Kamil"]
[WhiteFideId "4115341"]
[BlackFideId "1161555"]
[WhiteElo "2423"]
[BlackElo "2025"]
[Result "1-0"]
[Round "07"]
[TimeControl "180+1"]
[Date "2021.08.24"]
[WhiteClock "0:00:58"]
[BlackClock "0:00:07"]

1. e4 c5 2. Nf3 e6 3. c3 d5 4. e5 d4 5. Bd3 Nc6 6. O-O Nge7 7. Re1 Ng6 8. Be4 Be7 9. Na3 O-O 10. Nc4 Qc7 11. a4 Rd8 12. d3 b6 13. h4 Bb7 14. h5 Nf8 15. h6 g6 16. Bg5 a6 17. Qd2 b5 18. Bxe7 Nxe7 19. Bxb7 Qxb7 20. Nd6 Qc6 21. Qg5 Rxd6 22. Qxe7 Nd7 23. exd6 Rf8 24. Rxe6 dxc3 25. bxc3 b4 26. c4 b3 27. Ne5 Qc8 28. Nxd7 b2 29. Rb1 1-0


[Site "https://www.chess.com"]

[Event "Titled Tuesday Blitz August 24 2021"]
[White "Tristan, Leonardo"]
[Black "Maiorov, Nikita"]
[WhiteFideId "113816"]
[BlackFideId "13501720"]
[WhiteElo "2404"]
[BlackElo "2440"]
[Result "0-1"]
[Round "07"]
[TimeControl "180+1"]
[Date "2021.08.24"]
[WhiteClock "0:00:06"]
[BlackClock "0:00:06"]

1. d4 Nf6 2. Nf3 e6 3. Bf4 c5 4. c3 b6 5. e3 Be7 6. Nbd2 O-O 7. h3 d6 8. a4 cxd4 9. exd4 Ba6 10. Bxa6 Nxa6 11. a5 b5 12. Qe2 Nc7 13. O-O h6 14. Bh2 Qd7 15. Rfc1 a6 16. c4 bxc4 17. Nxc4 Qb5 18. Rc2 Rfd8 19. Nb6 Qxe2 20. Rxe2 Rab8 21. Nd2 Nb5 22. Nb3 Nd7 23. Nd5 Bf8 24. Nb4 Na7 25. Ra4 Rdc8 26. Bf4 Rc4 27. Bd2 d5 28. Nc5 Nxc5 29. dxc5 Bxc5 30. Nxa6 Rxa4 31. Nxb8 Bd6 32. Na6 Nc6 33. b4 Ra2 34. Kf1 Nd4 35. Bf4 Ra1+ 36. Re1 Rxe1+ 37. Kxe1 Bxf4 38. Kd1 Kf8 39. Nc5 Ke7 40. a6 Nb5 41. Kc2 Bd6 42. Nd3 Kd7 43. Kb3 Kc6 44. Ka4 Kb6 45. a7 Nxa7 46. f4 Nb5 47. f5 Nc3+ 48. Kb3 Ne4 49. fxe6 fxe6 50. Nc1 e5 51. Ne2 Nd2+ 52. Kc2 Nc4 53. Kb3 Ne3 54. g4 d4 55. Ng3 Nd5 56. Kc4 Ne3+ 57. Kd3 Bxb4 58. Nh5 Bf8 59. Ke4 Nc4 60. Ng3 Kb5 61. Kd5 Kb4 62. Ne4 Kb3 63. Ke6 d3 64. Kf7 Bb4 65. Kxg7 d2 66. Nf2 e4 67. Kxh6 e3 68. g5 exf2 69. g6 f1=Q 70. g7 Qg2 71. Kh7 Bc3 72. g8=Q Qxh3+ 73. Kg6 Qg4+ 74. Kf7 Ne5+ 75. Ke7+ Qxg8 76. Kd6 d1=Q+ 77. Kc5 Qc4+ 78. Kb6 Qd6+ 79. Ka7 Qdc7+ 80. Ka8 Qa6# 0-1


[Site "https://www.chess.com"]

[Event "Titled Tuesday Blitz August 24 2021"]
[White "Tsyhanchuk, Stanislav"]
[Black "Aldokhin, Ivan"]
[WhiteFideId "13505130"]
[BlackFideId "24115720"]
[WhiteElo "2121"]
[BlackElo "2306"]
[Result "1-0"]
[Round "07"]
[TimeControl "180+1"]
[Date "2021.08.24"]
[WhiteClock "0:00:37"]
[BlackClock "0:00:02"]

1. e4 c5 2. Nf3 e6 3. d4 cxd4 4. Nxd4 a6 5. Bd3 Qc7 6. O-O Nf6 7. Nc3 d6 8. Qe2 Be7 9. f4 Nbd7 10. Kh1 b5 11. Bd2 Bb7 12. Rae1 b4 13. Nd1 Nc5 14. Nf2 a5 15. Bb5+ Nfd7 16. c3 O-O 17. e5 Bh4 18. cxb4 axb4 19. Bxb4 Rxa2 20. Rc1 Qb6 21. Ng4 Ne4 22. Nxe6 fxe6 23. Bxd7 Qxb4 24. Bxe6+ Kh8 25. Bxa2 Nc5 26. exd6 h6 27. d7 Bd8 28. Ne5 Rf6 29. Nf7+ Kh7 30. Nxd8 Rg6 31. Nxb7 Qxb7 32. Rxc5 1-0


[Site "https://www.chess.com"]

[Event "Titled Tuesday Blitz August 24 2021"]
[White "Vakhidov, Shahzod"]
[Black "Krysa, Leandro"]
[WhiteFideId "14205270"]
[BlackFideId "116807"]
[WhiteElo "1988"]
[BlackElo "2490"]
[Result "1-0"]
[Round "07"]
[TimeControl "180+1"]
[Date "2021.08.24"]
[WhiteClock "0:00:20"]
[BlackClock "0:00:02"]

1. c4 c5 2. g3 Nf6 3. Bg2 e6 4. Nf3 b6 5. O-O Bb7 6. Nc3 Be7 7. d4 cxd4 8. Qxd4 d6 9. Rd1 a6 10. Bg5 Nbd7 11. Rac1 O-O 12. b3 Qc7 13. Qd2 Rac8 14. Bf4 e5 15. Bg5 Qb8 16. Nh4 g6 17. e4 Rfe8 18. Bh6 b5 19. cxb5 axb5 20. Nf5 b4 21. Nxe7+ Rxe7 22. Nb5 Rxc1 23. Rxc1 Ne8 24. Qxb4 Nc5 25. Qc4 Ba6 26. a4 Nc7 27. Bf1 Re8 28. b4 Bxb5 29. axb5 N5e6 30. Be3 Kg7 31. b6 Na8 32. Qc6 Rd8 33. b5 h5 34. b7 Nac7 35. Bb6 Rh8 36. Bxc7 Qa7 37. b8=Q Rxb8 38. b6 Qa3 39. Bxb8 Nd4 40. Qxd6 1-0


[Site "https://www.chess.com"]

[Event "Titled Tuesday Blitz August 24 2021"]
[White "Vlassov, Nikolai"]
[Black "Martinez Reyes, Pedro Ramon"]
[WhiteFideId "4103360"]
[BlackFideId "3901807"]
[WhiteElo "2407"]
[BlackElo "2398"]
[Result "1-0"]
[Round "07"]
[TimeControl "180+1"]
[Date "2021.08.24"]
[WhiteClock "0:00:51"]
[BlackClock "0:00:08"]

1. e4 e6 2. d4 d5 3. exd5 exd5 4. Nf3 Nf6 5. c4 Be7 6. Bd3 O-O 7. O-O Nc6 8. Nc3 dxc4 9. Bxc4 Bg4 10. Be3 a6 11. h3 Bh5 12. g4 Bg6 13. Ne5 Nb4 14. Rc1 Nfd5 15. Bd2 Nxc3 16. bxc3 Nd5 17. f4 f6 18. Qb3 c6 19. Nxg6 hxg6 20. Qxb7 Qd6 21. Rce1 Rae8 22. Re2 Kh8 23. Rfe1 Nxf4 24. Rxe7 Ne2+ 25. R1xe2 Qg3+ 26. Rg2 Qf3 27. Rxg7 Qxh3 28. Rh2 Re1+ 1-0


[Site "https://www.chess.com"]

[Event "Titled Tuesday Blitz August 24 2021"]
[White "Wagh Suyog"]
[Black "Nozdrachev, Leonid"]
[WhiteFideId "25071688"]
[BlackFideId "24113433"]
[WhiteElo "2219"]
[BlackElo "2240"]
[Result "1-0"]
[Round "07"]
[TimeControl "180+1"]
[Date "2021.08.24"]
[WhiteClock "0:01:18"]
[BlackClock "0:00:02"]

1. e4 d6 2. Nc3 c5 3. g3 Nf6 4. Bg2 g6 5. d3 Bg7 6. Be3 O-O 7. h4 Nc6 8. h5 Nxh5 9. Qd2 b5 10. Bh6 Nd4 11. Nge2 b4 12. Nd5 Nxc2+ 13. Kd1 Nxa1 14. Rxh5 e6 15. Bxg7 exd5 16. Qh6 gxh5 17. Bf6 Qxf6 18. Qxf6 Bg4 19. f3 Be6 20. Nf4 Rfc8 21. exd5 Bd7 22. Nxh5 Kf8 23. Qxd6+ Ke8 24. Nf6+ 1-0


[Site "https://www.chess.com"]

[Event "Titled Tuesday Blitz August 24 2021"]
[White "Wagner, Dennis"]
[Black "Zierk, Steven"]
[WhiteFideId "24650684"]
[BlackFideId "2034255"]
[WhiteElo "2355"]
[BlackElo "2494"]
[Result "0-1"]
[Round "07"]
[TimeControl "180+1"]
[Date "2021.08.24"]
[WhiteClock "0:00:08"]
[BlackClock "0:01:12"]

1. e4 e6 2. d4 d5 3. Nc3 Bb4 4. e5 c5 5. a3 Bxc3+ 6. bxc3 Qa5 7. Bd2 Qa4 8. Qg4 Kf8 9. h4 Qxc2 10. h5 b6 11. Rc1 Qe4+ 12. Qxe4 dxe4 13. Rh4 Bb7 14. Ne2 Ne7 15. Ng3 Nf5 16. Nxf5 exf5 17. h6 g6 18. Bg5 Nd7 19. Bb5 Ke8 20. dxc5 a6 21. c6 axb5 22. cxb7 Rb8 23. c4 Nxe5 24. Ke2 Nd3 25. Rc2 Kd7 26. cxb5 Rxb7 27. f3 Re8 28. fxe4 fxe4 29. Ke3 f5 30. g4 Ra7 31. gxf5 gxf5 32. Rc3 Rc8 33. Rb3 Ke6 34. Rh1 Rc2 35. Rg1 Ne5 36. Bf4 Nc4+ 37. Kd4 Rd7+ 0-1


[Site "https://www.chess.com"]

[Event "Titled Tuesday Blitz August 24 2021"]
[White "Woodward, Andy"]
[Black "Starozhilov, Leonid"]
[WhiteFideId "30953499"]
[BlackFideId "14106752"]
[WhiteElo "2137"]
[BlackElo "2414"]
[Result "0-1"]
[Round "07"]
[TimeControl "180+1"]
[Date "2021.08.24"]
[WhiteClock "0:00:02"]
[BlackClock "0:00:13"]

1. d4 Nf6 2. c4 g6 3. Nc3 Bg7 4. g3 d6 5. Bg2 O-O 6. Nf3 c6 7. O-O Bf5 8. Re1 Ne4 9. Qb3 Nxc3 10. Qxc3 c5 11. e4 Bg4 12. e5 Nc6 13. d5 Bxf3 14. Qxf3 Nd4 15. Qd1 Bxe5 16. Bh6 Re8 17. h4 Rb8 18. h5 b5 19. b3 bxc4 20. bxc4 Rb2 21. Qg4 Qc8 22. Qe4 Qf5 23. f4 Qxe4 24. Rxe4 Bg7 25. Bxg7 Kxg7 26. Rae1 Kf8 27. g4 Rxa2 28. R4e3 Nc2 29. R3e2 Nxe1 30. Rxa2 Nxg2 31. Kxg2 gxh5 32. g5 Ra8 33. Ra6 Kg7 34. Kg3 h6 35. Kh4 Kg6 36. gxh6 Kxh6 37. f5 f6 38. Ra2 a5 39. Re2 a4 40. Rxe7 a3 41. Re1 a2 42. Ra1 Ra3 43. Rg1 a1=Q 44. Rg6+ Kh7 45. Rh6+ Kg8 46. Rg6+ Kf8 47. Rg8+ Kxg8 48. Kxh5 Qg1 49. Kh6 Qg5# 0-1


[Site "https://www.chess.com"]

[Event "Titled Tuesday Blitz August 24 2021"]
[White "Yoo, Christopher Woojin"]
[Black "Maksimovic, Bojan"]
[WhiteFideId "30909694"]
[BlackFideId "14408120"]
[WhiteElo "2105"]
[BlackElo "2439"]
[Result "0-1"]
[Round "07"]
[TimeControl "180+1"]
[Date "2021.08.24"]
[WhiteClock "0:00:01"]
[BlackClock "0:00:08"]

1. d4 Nf6 2. Nf3 c5 3. d5 b5 4. Bg5 Qb6 5. a4 b4 6. Bxf6 Qxf6 7. c3 g5 8. e4 Bg7 9. Bd3 g4 10. Nfd2 h5 11. Nc4 d6 12. cxb4 cxb4 13. Nbd2 O-O 14. O-O Nd7 15. Qe2 Nc5 16. e5 Qh6 17. Bc2 Ba6 18. f4 gxf3 19. Qxf3 dxe5 20. Rae1 b3 21. Bb1 Rad8 22. Rf2 Bb7 23. Ne3 e6 24. Rc1 Bxd5 25. Qe2 Nxa4 26. Nxd5 Rxd5 27. Qe4 f5 28. Qxa4 Rxd2 29. Qc4 Rxf2 30. Kxf2 Qf4+ 31. Qxf4 exf4 32. Bd3 Bxb2 33. Rb1 Bd4+ 34. Kf3 b2 35. Bc4 Kf7 36. Re1 Re8 37. Kxf4 Kf6 38. Kf3 e5 39. Rb1 Rc8 40. Ba2 Rc1 41. Ke2 a5 42. Kd2 Rxb1 43. Bxb1 e4 44. g3 Ke5 45. Kc2 Bg1 46. h3 Bf2 47. g4 fxg4 0-1


[Site "https://www.chess.com"]